Map: Romanticide LE

Players

Astrea - Winner!

  • Race: Protoss Protoss
  • League: Master

DPGrogue (Rogue)

  • Race: Zerg Zerg

Event: ASUS ROG Fall 2021

VOD

Have the link to the VOD?

Description

Time

  • Played on: Sept. 18, 2021, 11:07 a.m.
  • Length: 15:08

All games in this series

Show
View Real Time Build Order
Export as new Build Order

Astrea Protoss - Winner!

Build Orders: 1 Gate Expand, Oracle Opening, Zealot Archon 

Get SALT Encoding   

  12  0:00  Probe  
  13  0:12  Probe  
  14  0:17  Pylon  
  14  0:24  Probe (Chrono Boost)  
  15  0:36  Probe (Chrono Boost)  
  15  0:37  Gateway  
  16  0:44  Probe (Chrono Boost)  
  16  0:46  Assimilator  
  17  0:51  Probe  
  18  1:03  Probe  
  19  1:15  Probe  
  20  1:23  Nexus  
  20  1:27  Probe  
  21  1:36  Cybernetics Core  
  21  1:44  Assimilator, Probe  
  22  1:50  Pylon  
  22  1:56  Probe  
  23  2:08  Probe (Chrono Boost)  
  24  2:09  Adept (Chrono Boost)  
  24  2:13  Warp Gate  
  26  2:18  Probe (Chrono Boost)  
  27  2:23  Probe (Chrono Boost)  
  28  2:30  Stargate  
  28  2:33  Adept  
  28  2:35  Probe (Chrono Boost)  
  32  2:41  Probe (Chrono Boost)  
  33  2:45  Probe (Chrono Boost)  
  33  2:49  Probe (Chrono Boost)  
  33  2:50  Probe (Chrono Boost)  
  34  2:55  Gateway  
  35  2:59  Probe  
  35  3:01  Probe  
  35  3:03  Stalker  
  39  3:11  Oracle (Chrono Boost), Probe  
  40  3:14  Probe  
  44  3:20  Pylon  
  44  3:23  Probe  
  45  3:29  Probe  
  46  3:38  Oracle (Chrono Boost), Probe  
  50  3:44  Probe  
  50  3:45  Pylon  
  51  3:55  Nexus, Probe  
  51  3:57  Pylon  
  51  4:01  Adept  
  54  4:03  Adept, Probe  
  54  4:08  Probe  
  58  4:10  Assimilator  
  59  4:17  Probe  
  59  4:20  Assimilator, Probe  
  59  4:21  Pylon  
  60  4:26  Adept x2  
  60  4:29  Probe  
  65  4:34  Probe  
  65  4:36  Forge  
  66  4:38  Twilight Council  
  66  4:42  Probe  
  66  4:45  Pylon  
  67  4:50  Probe  
  68  4:53  Robotics Facility  
  68  4:54  Probe  
  68  4:59  Gateway  
  69  5:00  Gateway  
  69  5:04  Probe (Chrono Boost)  
  69  5:07  Probe (Chrono Boost)  
  68  5:13  Protoss Ground Weapons Level 1 (Chrono Boost)  
  69  5:15  Probe (Chrono Boost)  
  69  5:18  Probe (Chrono Boost)  
  69  5:19  Charge, Probe (Chrono Boost)  
  71  5:22  Probe (Chrono Boost)  
  71  5:23  Probe (Chrono Boost)  
  71  5:25  Templar Archives  
  71  5:26  Probe  
  74  5:31  Pylon  
  74  5:33  Probe x2  
  76  5:38  Probe  
  76  5:42  Observer (Chrono Boost)  
  78  5:45  Assimilator x2, Probe  
  79  5:50  Probe x2  
  79  5:51  Pylon  
  79  5:55  Gateway x2, Warp Prism (Chrono Boost)  
  81  5:57  Gateway, Probe  
  81  6:02  Gateway  
  84  6:09  High Templar x2  
  88  6:14  Pylon  
  88  6:16  Archon  
  88  6:18  High Templar  
  88  6:20  Pylon  
  88  6:22  Photon Cannon, Probe x2  
  92  6:27  High Templar  
  94  6:32  Archon  
  94  6:34  Pylon  
  94  6:36  Immortal (Chrono Boost)  
  94  6:39  Probe x2  
  100  6:41  Pylon, Nexus  
  100  6:52  Stalker  
  102  6:55  Robotics Bay  
  102  6:58  Sentry x2, Zealot  
  102  6:59  Zealot x3  
  114  7:04  Pylon, Probe x3  
  117  7:16  Protoss Ground Weapons Level 2 (Chrono Boost), Probe x3  
  117  7:21  Immortal (Chrono Boost)  
  124  7:23  Blink  
  124  7:28  Photon Cannon, Probe x2  
  126  7:30  Shield Battery  
  126  7:36  Probe  
  127  7:40  Probe  
  127  7:42  Probe  
  129  7:48  Probe  
  130  7:52  Disruptor (Chrono Boost), Probe  
  130  7:54  Probe  
  130  7:56  Probe  
  136  7:58  Assimilator  
  136  8:00  Assimilator, Photon Cannon, Probe  
  136  8:01  Shield Battery  
  136  8:04  Photon Cannon  
  137  8:12  Photon Cannon  
  137  8:14  Photon Cannon  
  137  8:15  High Templar  
  137  8:16  High Templar x3, Zealot x4  
  153  8:21  Archon x2  
  153  8:25  Disruptor (Chrono Boost)  
  156  8:30  Gateway  
  156  8:31  Robotics Facility  
  156  8:32  Gateway  
  156  8:33  Pylon, Robotics Facility  
  156  8:36  Pylon  
  156  8:45  High Templar x2, Zealot x2  
  164  8:49  Pylon, Archon  
  164  8:50  Pylon x2  
  164  8:53  Pylon  
  158  9:10  Zealot x4  
  158  9:11  Zealot x2  
  165  9:18  Pylon  
  165  9:20  Pylon  
  157  9:25  Colossus x2 (Chrono Boost)  
  157  9:30  Colossus (Chrono Boost), Protoss Ground Weapons Level 3 (Chrono Boost)  
  163  9:35  Extended Thermal Lance  
  164  9:46  Photon Cannon  
  164  9:49  Shield Battery, Photon Cannon  
  164  9:58  Shield Battery  
  158  10:01  Stalker x2  
  158  10:02  Stalker  
  158  10:05  Psionic Storm  
  156  10:10  Cybernetics Core  
  156  10:13  Colossus (Chrono Boost)  
  174  10:14  Photon Cannon  
  174  10:18  Photon Cannon  
  174  10:23  Immortal x2 (Chrono Boost)  
  170  10:34  Nexus  
  166  10:54  Sentry x2  
  166  10:55  Stalker x7  
  178  11:06  Pylon  
  178  11:12  High Templar  
  178  11:13  Photon Cannon  
  178  11:16  Probe  
  178  11:17  Probe x3  
  184  11:21  High Templar x3  
  187  11:29  Probe  
  187  11:31  Warp Prism (Chrono Boost)  
  188  11:40  Pylon  
  188  11:43  High Templar x4  
  196  11:47  Nexus  
  196  11:48  Archon x2  
  196  11:49  Pylon  
  196  11:50  Pylon  
  196  11:52  Zealot x2  
  196  11:53  Assimilator  
  200  11:56  Assimilator  
  200  11:59  Photon Cannon  
  200  12:05  Protoss Shields Level 1 (Chrono Boost)  
  200  12:06  Photon Cannon  
  200  12:11  Gateway  
  200  12:14  Gateway  
  200  12:16  Gateway  
  200  12:20  Gateway  
  200  12:21  Archon x2  
  200  12:22  Zealot x6  
  186  12:42  High Templar x5  
  186  12:43  High Templar  
  186  12:44  High Templar x2  
  190  12:45  Zealot x2  
  190  12:48  Archon x4  
  190  13:08  Photon Cannon  
  190  13:09  Photon Cannon  
  190  13:12  Photon Cannon  
  190  13:15  Shield Battery, Photon Cannon  
  190  13:16  Zealot x5  
  190  13:18  Shield Battery  
  160  13:34  Zealot x9  
  160  13:37  Immortal x3 (Chrono Boost)  
  186  13:42  High Templar  
  186  13:43  High Templar x3  
  186  13:44  Probe  
  186  13:45  Probe x4  
  173  14:04  Nexus  
  173  14:07  Photon Cannon  
  173  14:09  Photon Cannon x2  
  173  14:11  Pylon x3  
  173  14:12  Assimilator  
  173  14:14  Immortal x2 (Chrono Boost)  
  173  14:15  Assimilator  
  185  14:24  Photon Cannon  
  185  14:31  Photon Cannon  
  185  14:32  Observer (Chrono Boost)  
  178  14:41  Zealot x3  
  178  14:42  Zealot x9  
  200  14:51  Archon x2  
Show
View Real Time Build Order
Export as new Build Order

DPGrogue Zerg 

Build Orders: Hatch First 

Get SALT Encoding   

  12  0:01  Drone  
  13  0:12  Overlord  
  13  0:17  Drone  
  14  0:31  Drone  
  15  0:44  Hatchery  
  15  0:47  Drone  
  15  0:51  Drone  
  15  0:56  Drone  
  17  1:00  Drone  
  18  1:10  Extractor  
  17  1:14  Spawning Pool  
  17  1:17  Drone  
  17  1:22  Drone  
  18  1:31  Drone  
  19  1:42  Drone  
  20  1:52  Overlord  
  20  2:01  Queen x2  
  20  2:02  Zergling x2  
  20  2:03  Zergling x2  
  26  2:10  Drone  
  26  2:14  Metabolic Boost  
  26  2:15  Drone  
  28  2:19  Drone  
  29  2:25  Drone  
  29  2:29  Drone  
  31  2:35  Drone  
  32  2:42  Hatchery  
  31  2:48  Queen  
  33  2:53  Overlord  
  33  2:57  Drone x2  
  35  2:59  Drone  
  36  3:12  Drone x6  
  42  3:20  Queen  
  42  3:22  Overlord  
  44  3:30  Spore Crawler  
  44  3:33  Drone  
  44  3:40  Roach Warren  
  43  3:43  Drone x5  
  43  3:45  Overlord  
  48  3:50  Extractor  
  48  3:52  Drone  
  48  3:54  Drone  
  48  4:04  Zergling x8  
  48  4:05  Zergling x2  
  48  4:07  Queen  
  48  4:09  Overlord  
  55  4:11  Drone  
  55  4:16  Drone x2  
  54  4:20  Spore Crawler, Drone  
  54  4:23  Drone x2  
  55  4:30  Drone x2  
  55  4:31  Drone x2  
  59  4:33  Drone  
  59  4:37  Spore Crawler  
  59  4:40  Drone x3  
  59  4:43  Drone  
  63  4:47  Lair  
  63  4:51  Overlord  
  63  4:57  Drone  
  63  4:58  Drone x2  
  65  5:01  Overlord  
  65  5:06  Overlord  
  64  5:14  Drone x9  
  65  5:19  Overlord  
  73  5:21  Roach  
  73  5:23  Roach  
  77  5:29  Roach x2  
  77  5:31  Extractor  
  77  5:33  Extractor  
  79  5:36  Evolution Chamber  
  79  5:37  Roach x2  
  79  5:40  Drone x2  
  84  5:44  Drone x3  
  84  5:45  Drone  
  84  5:48  Drone x2  
  84  5:49  Extractor, Drone  
  90  5:50  Extractor  
  90  5:52  Drone x2  
  90  5:56  Overseer  
  91  6:00  Drone x2  
  91  6:01  Drone, Glial Reconstitution  
  93  6:06  Roach x2  
  93  6:08  Zerg Missile Weapons Level 1  
  97  6:15  Overlord x3  
  97  6:20  Overseer  
  97  6:21  Overlord  
  97  6:26  Hatchery  
  97  6:29  Overlord  
  97  6:31  Overlord  
  95  6:37  Roach x5  
  105  6:42  Roach  
  105  6:43  Roach x2  
  111  6:51  Drone  
  111  6:52  Baneling Nest  
  111  6:54  Roach x4  
  119  6:59  Ravager x7  
  126  7:04  Roach x4  
  134  7:14  Drone x9  
  134  7:15  Drone  
  141  7:22  Overlord  
  141  7:23  Drone  
  141  7:26  Overlord  
  142  7:30  Drone x2  
  142  7:31  Overlord  
  144  7:38  Centrifical Hooks  
  144  7:41  Zergling x18  
  144  7:43  Drone  
  154  7:50  Zergling x4  
  156  7:54  Roach x4  
  156  7:55  Overseer  
  156  7:56  Hatchery  
  163  8:01  Zergling x2  
  163  8:02  Zergling x10, Zerg Melee Weapons Level 1  
  163  8:05  Overlord  
  169  8:08  Drone x3  
  169  8:09  Drone  
  169  8:11  Hatchery  
  174  8:12  Zergling x2  
  174  8:14  Baneling x11  
  174  8:15  Baneling x4  
  174  8:17  Overlord  
  174  8:21  Pneumatized Carapace  
  174  8:25  Zergling x2  
  174  8:26  Overlord  
  175  8:29  Baneling x19  
  175  8:37  Zergling x16  
  175  8:40  Overlord  
  183  8:44  Zergling x4  
  183  8:47  Zergling x2  
  183  8:48  Zergling x10  
  191  9:09  Zergling x16  
  199  9:16  Zergling x2  
  197  9:19  Zergling x6  
  197  9:20  Zergling x2  
  197  9:24  Zergling x2  
  200  9:28  Infestation Pit  
  200  9:29  Zergling x2  
  200  9:30  Hatchery  
  198  9:40  Zergling x2  
  199  9:55  Drone, Spine Crawler x2  
  199  9:56  Drone x3  
  199  9:57  Zerg Melee Weapons Level 2  
  199  9:58  Spine Crawler  
  199  10:02  Zergling x4  
  199  10:05  Zergling x12  
  199  10:07  Hive  
  199  10:08  Baneling  
  199  10:09  Baneling x26  
  199  10:10  Baneling x13  
  199  10:14  Baneling x2  
  199  10:15  Baneling x10  
  199  10:16  Extractor  
  199  10:18  Zergling x2  
  199  10:34  Baneling x14  
  199  10:46  Zergling x10  
  189  10:57  Zergling x12  
  189  10:58  Zergling x16  
  191  11:04  Zergling x2  
  191  11:05  Zergling x10  
  195  11:25  Zergling x2  
  191  11:32  Zergling x2  
  191  11:33  Zergling x14  
  191  11:39  Extractor, Zergling x2  
  197  11:40  Extractor  
  197  11:41  Adrenal Glands  
  197  11:44  Ultralisk Cavern  
  197  11:46  Baneling x4  
  196  11:47  Zergling x2  
  196  11:53  Zergling x6  
  198  12:00  Hatchery  
  164  12:23  Zergling x38  
  164  12:24  Zergling x14  
  164  12:26  Baneling x19  
  164  12:27  Baneling x7  
  190  12:30  Zergling x2  
  190  12:33  Zergling x2  
  190  12:34  Zergling x6  
  180  12:37  Zergling x6  
  180  12:38  Zergling x6  
  180  12:42  Chitinous Plating  
  180  12:43  Zergling x2  
  180  12:44  Zergling x22  
  180  12:47  Zergling x2  
  182  12:52  Zergling x12  
  182  12:55  Zergling x2  
  182  12:57  Zergling x8  
  182  12:58  Baneling x13  
  178  13:05  Evolution Chamber, Ultralisk x2  
  189  13:07  Zergling x2, Overlord x2  
  190  13:16  Zergling x2  
  190  13:17  Queen x2  
  189  13:22  Baneling  
  189  13:23  Baneling x29  
  189  13:24  Zergling x2, Baneling  
  189  13:25  Zergling x12  
  186  13:31  Zergling x10  
  186  13:34  Zergling x2  
  153  13:36  Zergling x6  
  153  13:39  Zergling x2  
  143  14:01  Anabolic Synthesis  
  143  14:02  Ultralisk  
  148  14:07  Ultralisk  
  154  14:14  Drone x4  
  154  14:16  Drone  
  158  14:24  Zergling x2  
  158  14:25  Zergling x10  
  159  14:40  Zergling x4  
  159  14:42  Zergling x16  
  169  14:48  Zergling x2  
Tags
 
Add a new tag
Caveats
  • Supply blocks, unpowered buildings, or Contaminate may cause inaccurate times.
  • Supply counts are checked every 10 seconds.